 Dungeon Crawl Stone Soup version 0.32-a0-705-g60f233581c (webtiles) character file.

Game seed: 3099845338494119032

2494 inmateoo the Cleaver (level 9, -6/70 HPs)
             Began as a Coglin Berserker on Mar 14, 2024.
             Was an Initiate of Hepliaklqana.
             Mangled by a two-headed ogre
             ... wielding a +0 dire flail
             ... created by the rage of Trog
              (37 damage)
             ... on level 6 of the Dungeon.
             The game lasted 00:06:16 (5086 turns).

inmateoo the Cleaver (Coglin Berserker)             Turns: 5086, Time: 00:06:17

Health: -6/70      AC: 10    Str: 22    XL:     9   Next: 52%
Magic:  9/9        EV: 11    Int:  6    God:    Hepliaklqana [......]
Gold:   222        SH:  0    Dex: 14    Spells: 8/8 levels left

rFire   . . .        g - +0 war axe {Yawen}
rCold   . . .        h - +2 short sword (drain) {Zorawar}
rNeg    . . .        e - +0 scale mail
rPois   .            (no helmet)
rElec   .            a - +0 cloak
rCorr   .            m - +1 pair of gloves
SInv    .            (no boots)
Will    .....        (amulet unavailable) Stlth
                     (ring unavailable)
HPRegen 0.31/turn    (ring unavailable)
MPRegen 0.11/turn    (no gizmo)

%: no passive effects
@: revved
A: off-hand wielding, slow wielding, warmup strikes, no jewellery
a: Invent Gizmo, Renounce Religion


You were on level 6 of the Dungeon.
You worshipped Hepliaklqana.
Hepliaklqana was noncommittal.
You visited 2 branches of the dungeon, and saw 7 of its levels.

You collected 222 gold pieces.

Inventory:

Hand Weapons
 g - a +0 war axe (weapon) {Yawen}
 h - a +2 short sword of draining (offhand) {Zorawar}
Armour
 a - a +0 cloak (worn)
 e - a +0 scale mail (worn)
 m - a +1 pair of gloves (worn)
Wands
 u - a wand of charming (8)
Scrolls
 b - 2 scrolls of enchant weapon
 d - 3 scrolls of enchant armour
 j - 2 scrolls of teleportation
 q - a scroll of fog
Potions
 c - a potion of mutation
 f - a potion of lignification
 i - a potion of cancellation
 k - a potion of ambrosia
 l - a potion of haste {unknown}
 n - 3 potions of might {unknown}
 o - 2 potions of enlightenment {unknown}
 p - a potion of degeneration {unknown}
 r - a potion of resistance {unknown}


   Skills:
 + Level 6.3 Fighting
 * Level 8.6 Axes
 + Level 5.3 Armour
 + Level 5.3 Dodging


You had 8 spell levels left.
You didn't know any spells.
Your spell library was empty.

Dungeon Overview and Level Annotations

Branches:
Dungeon (6/15)             Temple (1/1) D:6

Altars:
Ashenzari
Cheibriados
Dithmenos
Elyvilon
Fedhas
Hepliaklqana
Kikubaaqudgha
Makhleb
Nemelex Xobeh
Okawaru
Qazlal
Ru
Trog
Uskayaw
Vehumet
Wu Jian
Xom
Yredelemnul
Zin
The Shining One

Shops:
D:1 [?[[(


Innate Abilities, Weirdness & Mutations

You can wield a second weapon in your off-hand.
It takes a long time for you to wield or remove held weapons.
Your first few attacks do less damage.
You cannot equip rings or amulets.


Message History

Pikel misses you.
You slash Pikel with your +0 war axe!
Pikel is heavily wounded.
You completely miss Pikel with your +2 short sword of draining.
Pikel barely misses you.
You closely miss Pikel with your +0 war axe.
Pikel is heavily wounded.
You hit Pikel with your +2 short sword of draining.
Pikel says, "Don't tell anyone, but I think Ereshkigal likes me."
Pikel closely misses you. Trog sends monsters to punish you.
A two-headed ogre, a polar bear and a black bear come into view.
You hit Pikel with your +2 short sword of draining.
Pikel is severely wounded.
You slash Pikel with your +0 war axe!
You slash the black bear with your +0 war axe!
Pikel hits you with a +1 whip of freezing.
Pikel freezes you.
You hit Pikel but do no damage.
Pikel is almost dead.
You barely miss the black bear with your +0 war axe.
You hit Pikel with your +2 short sword of draining.
You kill Pikel!
With Pikel's spell broken, his former minions thank you for their freedom.
The lemure departs this earthly plane. x2
You barely miss the howler monkey zombie with your +0 war axe.
You hit the two-headed ogre with your +0 war axe.
You hit the howler monkey zombie but do no damage.
The howler monkey zombie misses you.
The two-headed ogre hits you with a +0 dire flail!
The two-headed ogre closely misses you.
You slash the howler monkey zombie with your +0 war axe!
The howler monkey zombie is heavily damaged.
You hit the two-headed ogre with your +0 war axe.
You hit the howler monkey zombie with your +2 short sword of draining.
The howler monkey zombie completely misses you.
The two-headed ogre hits you with a +0 dire flail!!!
Ouch! That really hurt!
You die...
Hepliaklqana delivers you to your ancestors.

#############
#####....§§.Z@Oh#
..........§#####......
######.###.# ..... #.
#K# #### .. #5. ##.
#... #. ##..5 .. ....
.#.##


You could see a two-headed ogre (berserk), a polar bear (berserk) and a howler
monkey zombie.

Vanquished Creatures
  Pikel (D:6)
  A black bear (D:6)
  A hornet zombie (D:6)
  An ice beast (D:5)
  An ogre (D:4)
  A centaur (D:6)
  A phantom (D:4)
  A lemure (D:6)
  2 kobold brigands (D:6)
  3 scorpions
  A water moccasin zombie (D:6)
  5 wights
  2 howler monkeys (D:6)
  2 jellies
  8 hounds
  2 bombardier beetles (D:5)
  A bullfrog skeleton (D:6)
  4 iguanas
  2 orc wizards
  A killer bee zombie (D:6)
  5 gnolls
  9 adders
  2 white imps (D:6)
  2 ufetubi (D:6)
  3 dart slugs
  3 ribbon worms
  8 orcs
  4 bats
  12 endoplasms
  3 giant cockroaches
  13 goblins
  4 hobgoblins
  4 quokkas
  7 ball pythons
  6 frilled lizards
  10 kobolds
  8 rats
144 creatures vanquished.

Notes
Turn   | Place    | Note
-------+----------+-------------------------------------------
     0 | D:1      | inmateoo the Coglin Berserker began the quest for the Orb.
     0 | D:1      | Reached XP level 1. HP: 18/18 MP: 1/1
    13 | D:1      | Found Tostainn's Magic Scroll Shop.
    68 | D:1      | Found Okegyopu's Antique Armour Boutique.
    90 | D:1      | Found Dyeb's Antique Armour Emporium.
   119 | D:1      | Reached XP level 2. HP: 23/24 MP: 2/2
   373 | D:1      | Reached XP level 3. HP: 26/29 MP: 3/3
   375 | D:1      | Reached ** piety under Trog
   390 | D:1      | Found Xuav's Weapon Shoppe.
   441 | D:1      | Found Usoexyda's Antique Armour Emporium.
   836 | D:2      | Found a sacrificial altar of Ru.
  1085 | D:2      | Reached XP level 4. HP: 22/35 MP: 4/4
  1208 | D:2      | Reached skill level 4 in Axes
  1400 | D:3      | Reached XP level 5. HP: 40/41 MP: 5/5
  1403 | D:3      | Reached *** piety under Trog
  1550 | D:3      | Found a bloodstained altar of Trog.
  1972 | D:3      | Reached XP level 6. HP: 10/48 MP: 6/6
  2133 | D:4      | Reached skill level 5 in Axes
  2623 | D:4      | Reached XP level 7. HP: 38/55 MP: 7/7
  2958 | D:5      | Entered Level 5 of the Dungeon
  3360 | D:5      | Found a sparkling altar of Nemelex Xobeh.
  3423 | D:5      | Reached skill level 6 in Axes
  3711 | D:5      | Reached XP level 8. HP: 60/61 MP: 8/8
  4067 | D:6      | Found a staircase to the Ecumenical Temple.
  4072 | D:6      | Reached **** piety under Trog
  4104 | D:6      | Reached skill level 5 in Fighting
  4146 | Temple   | Entered the Ecumenical Temple
  4186 | Temple   | Fell from the grace of Trog
  4186 | Temple   | Became a worshipper of Hepliaklqana the Forgotten
  4436 | D:5      | Reached skill level 7 in Axes
  4859 | D:6      | Reached XP level 9. HP: 48/69 MP: 9/9
  4972 | D:6      | Reached skill level 8 in Axes
  4996 | D:6      | Reached skill level 5 in Armour
  4996 | D:6      | Reached skill level 5 in Dodging
  5051 | D:6      | Noticed a polar bear
  5051 | D:6      | Noticed a polar bear
  5051 | D:6      | Noticed a polar bear
  5051 | D:6      | Noticed a polar bear
  5051 | D:6      | Noticed a polar bear
  5051 | D:6      | Noticed a polar bear
  5058 | D:6      | Noticed Pikel
  5083 | D:6      | Noticed a two-headed ogre
  5083 | D:6      | Noticed a polar bear
  5084 | D:6      | Killed Pikel
  5086 | D:6      | Mangled by a two-headed ogre

Illustrated notes

Levels and vault maps discovered:
D:1:      tarquinn_simple_flora_water_a, layout_basic, serial_shops,
          nicolae_shop_crystal, shop, shop, nicolae_shop_hallway_plus, shop,
          dreamdust_princess_bridge, minmay_hedge_maze, minmay_tripent
D:2:      kennysheep_big_flooded_room, layout_loops_ring, basic_altar,
          st_stairs_7
D:3:      layout_rooms, lemuel_coloured_pillars_altar
D:4:      layout_layer_cave, st_stairs_14
D:5:      layout_loops_ring, lemuel_round_altar, nicolae_titane
D:6:      minmay_octagon_keep, layout_loops_ring, minmay_temple_entry_grid,
          serial_shops, shop, serial_undead, serial_undead_b, serial_undead_b,
          serial_undead_e, serial_undead_d, minmay_small_thing, uniq_pikel
Temple:   hc_temple_tempest_star

Skill      XL: |  1  2  3  4  5  6  7  8  9 |
---------------+----------------------------+-----
Armour         | 2 3 4 5 |  5.3
Dodging        | 2 3 4 5 |  5.3
Axes           | 4 5 6 7 8 |  8.6
Fighting       | 4 5 6 |  6.3

Action                     |  1- 3 |  4- 6 |  7- 9 || total
---------------------------+-------+-------+-------++-------
  Melee: Hand axe          |    69 |   108 |   124 ||   301
         Dagger            |    33 |       |       ||    33
         Short sword       |    25 |   123 |   202 ||   350
         War axe           |       |       |    88 ||    88
    Use: Scroll            |       |     9 |     7 ||    16
         Potion            |       |     1 |     2 ||     3
 Armour: Scale mail        |    48 |    92 |   174 ||   314
         Animal skin       |     4 |       |       ||     4
         Skin              |       |       |    20 ||    20
  Dodge: Dodged            |    29 |    80 |   136 ||   245

Table legend: (Time is in decaauts)
 A = Elapsed time spent in this place.
 B = Non-inter-level travel time spent in this place.
 C = Inter-level travel time spent in this place.
 D = Time resting spent in this place.
 E = Time spent auto-exploring this place.
 F = Levels seen in this place.
 G = Mean time per level.
                   A        B        C        D        E       F      G
               +--------+--------+--------+--------+--------+-----+--------+
         Total |   5100 |   4910 |    190 |   1388 |   2482 |   7 |  728.6 |
       Dungeon |   5047 |   4876 |    171 |   1360 |   2482 |   6 |  841.2 |
        Temple |     52 |     33 |     19 |     28 |      0 |   1 |   52.0 |
               +--------+--------+--------+--------+--------+-----+--------+

Top non-repeatable levels by time:
     D:5: 1410 daAuts
     D:4: 985 daAuts
     D:6: 670 daAuts
     D:3: 667 daAuts
     D:2: 662 daAuts
     D:1: 651 daAuts
  Temple: 52 daAuts
